 Dungeon Crawl Stone Soup version 0.21-a0-227-g58a7c62 (webtiles) character file.

418 Gorglomux the Magician (level 6, -1/46 HPs)
             Began as a Gnoll Transmuter on Aug 30, 2017.
             Killed by nerve-wracking pain
             ... invoked by Grinder
              (3 damage)
             ... on level 3 of the Dungeon.
             The game lasted 00:09:15 (4358 turns).

Gorglomux the Magician (Gnoll Transmuter)           Turns: 4358, Time: 00:09:15

Health: -1/46      AC:  2    Str:  7    XL:     6   Next: 93%
Magic:  12/14      EV: 19    Int:  7    God:
Gold:   157        SH:  0    Dex:  7    Spells: 5/16 levels left

rFire    . . .     SeeInvis .     - Unarmed
rCold    . . .     Gourm    .   (shield currently unavailable)
rNeg     . . .     Faith    .   (armour currently unavailable)
rPois    x         Spirit   .   (helmet currently unavailable)
rElec    .         Reflect  .   (cloak currently unavailable)
rCorr    .         Harm     .   (gloves currently unavailable)
MR       .....                  (boots currently unavailable)
Stlth    +.........             (no amulet)
HPRegen  0.15/turn              (no ring)
MPRegen  0.14/turn              (no ring)

@: mighty, spider-form (expiring)
A: unchanging attributes, strong nose
a: End Transformation


You were on level 3 of the Dungeon.
You were not hungry.
You were a venomous arachnid creature.
You visited 1 branch of the dungeon, and saw 3 of its levels.

You collected 157 gold pieces.

Inventory:

Missiles
 a - 32 arrows
 Z - 2 throwing nets (quivered)
Armour
 b - a +0 robe (melded)
Scrolls
 g - 2 scrolls of remove curse
 m - a scroll of noise {unknown}
 o - a scroll of identify {unknown}
 S - a scroll of fear {unknown}
 T - a scroll of teleportation
 U - a scroll of amnesia {unknown}
 V - a scroll of recharging {unknown}
 Y - a scroll of magic mapping {unknown}
Potions
 l - a potion of cancellation {unknown}
 n - a potion of magic {unknown}
 B - a potion of haste {unknown}
 W - a potion of berserk rage {unknown}
 X - a potion of heal wounds {unknown}
Books
 c - a book of Changes

   Spells                             Type                      Level
   a - Beastly Appendage              Transmutation                1
   b - Sticks to Snakes               Transmutation                2
   c - Spider Form                    Transmutation/Poison         3
   d - Ice Form                       Ice/Transmutation            4
   e - Blade Hands                    Transmutation                5
Comestibles
 d - 2 bread rations
 z - 3 meat rations
 R - a chunk of flesh


   Skills:
 - Level 2.5 Fighting
 - Level 2.6 Dodging
 - Level 4.7 Unarmed Combat
 + Level 5.7 Spellcasting
 + Level 5.5 Transmutations
 - Level 4.2 Poison Magic


You had 5 spell levels left.
You knew the following spells:

 Your Spells              Type           Power        Failure   Level  Hunger
a - Beastly Appendage     Tmut           #.....       10%         1    #......
b - Sticks to Snakes      Tmut           #.......     13%         2    ##.....
c - Spider Form           Tmut/Pois      #.........   26%         3    ###....
d - Blade Hands           Tmut           #.........   78%         5    ######.


Dungeon Overview and Level Annotations

Branches:
Dungeon (3/15)

Altars:
Ashenzari
Fedhas
Trog
Xom
The Shining One

Annotations:
D:3 George's ghost, amateur DsFi; Grinder; Robin


Innate Abilities, Weirdness & Mutations

Your physical attributes are unchanging.
((You have very sharp teeth.))
Your uncanny sense of smell can sniff out nearby items.


Message History

Grinder hits you but does no damage!
Unknown command!
You maul Grinder!
Grinder is almost dead!
Grinder butt-ly misses you!
Butt command!
You maul Grinder!
Grinder is poisoned!
Grinder is almost dead!
Grinder misses you!
Butt command!
You closely miss Grinder!
Grinder is almost dead!
Grinder completely misses you!
Unknown command!
You closely miss Grinder!
Grinder is butt dead!
Your transformation is almost over!
Grinder butts at you! Pain shoots through your body!!! rip

######......#.###########.......
#.........................[.....
##.####......#.###########.......
#.....#.######.### #### #.......
#.....#.# #.#.. ..# ########
#.....#.### #.#.# #.# ####
#.....#.#.. ..#.####.########...
##.####.#.# ###.#.........>.....
#.# #.#.# #s#.##.########... #.#
#.#.# #.5....# #...
##†####.#.###########.##### #...
..>...h...................## #...
#######.#########)###.###..# #...
#....# #.# #.# ##.###### #....#
... #.# #..# #....# #......#
##.## #....# #....### #..#


You could see Grinder.

Vanquished Creatures
  Sigmund (D:3)
  Jessica (D:2)
  Natasha (twice) (D:3)
  8 adders
  An ooze (D:2)
  2 worms (D:3)
  3 dart slugs
  4 leopard geckos
  An orc (D:3)
  3 giant cockroaches
  8 goblins
  11 hobgoblins
  9 jackals
  2 quokkas
  A ball python (D:2)
  4 bats
  7 frilled lizards
  6 kobolds
  9 rats
83 creatures vanquished.

Vanquished Creatures (collateral kills)
  A leopard gecko (D:1)
  2 goblins (D:1)
  A jackal (D:1)
4 creatures vanquished.

Grand Total: 87 creatures vanquished

Notes
Turn   | Place    | Note
-------+----------+-------------------------------------------
     0 | D:1      | Gorglomux the Gnoll Transmuter began the quest for the Orb.
     0 | D:1      | Reached XP level 1. HP: 15/15 MP: 4/4
   201 | D:1      | Reached XP level 2. HP: 18/22 MP: 6/6
   216 | D:1      | Learned a level 2 spell: Sticks to Snakes
  1200 | D:1      | Reached XP level 3. HP: 25/28 MP: 5/7
  1240 | D:1      | Learned a level 3 spell: Spider Form
  1267 | D:1      | Reached skill level 3 in Transmutations
  1807 | D:1      | Reached skill level 1 in Poison Magic
  1948 | D:2      | Found a shimmering altar of Xom.
  2115 | D:2      | Noticed Jessica
  2125 | D:2      | Killed Jessica
  2125 | D:2      | Reached XP level 4. HP: 10/34 MP: 4/9
  2811 | D:2      | Reached XP level 5. HP: 36/39 MP: 6/11
  2911 | D:2      | Found a glowing golden altar of the Shining One.
  3189 | D:2      | Reached skill level 3 in Poison Magic
  3322 | D:3      | Noticed Robin
  3335 | D:3      | Noticed George's ghost (amateur DsFi)
  3361 | D:3      | Noticed Grinder
  3368 | D:3      | Found a bloodstained altar of Trog.
  3608 | D:3      | Found a shattered altar of Ashenzari.
  3655 | D:3      | Noticed Sigmund
  3685 | D:3      | Killed Sigmund
  3685 | D:3      | Reached XP level 6. HP: 6/46 MP: 8/14
  3857 | D:3      | Learned a level 5 spell: Blade Hands
  3987 | D:3      | Noticed Natasha
  4033 | D:3      | Killed Natasha
  4203 | D:3      | Noticed Natasha
  4214 | D:3      | Killed Natasha
  4215 | D:3      | Found a blossoming altar of Fedhas.
  4309 | D:3      | HP: 2/46 [Grinder (5)]
  4311 | D:3      | Paralysed by Grinder for 2 turns
  4353 | D:3      | HP: 2/46 [Grinder (7)]
  4358 | D:3      | Killed from afar by Grinder

Vault maps used:
D:1:      sevenhm_arrival_forest_fort_small_3
D:2:      lemuel_doored_altar, nicolae_tso_swordbearing_angel, st_stairs_4,
          uniq_jessica
D:3:      cheibrodos_greedy_goblins, fedhas_altar_2,
          nicolae_ashenzari_panopticon, bloody_trog, uniq_natasha, uniq_grinder,
          uniq_robin, uniq_sigmund

Skill      XL: |  1  2  3  4  5 |
---------------+----------------+-----
Fighting       | 2 |  2.5
Transmutations | 3 5 |  5.5
Poison Magic   | 1 2 4 |  4.2
Spellcasting   | 4 5 |  5.7
Dodging        | |  2.6
Unarmed Combat | |  4.7

Action                   |  1- 3 |  4- 6 || total
-------------------------+-------+-------++-------
Melee: Unarmed           |   163 |   181 ||   344
       Bite              |     2 |     2 ||     4
       Kick              |     6 |       ||     6
       Headbutt          |     3 |       ||     3
       Punch             |     2 |     1 ||     3
 Cast: Beastly Appendage |    27 |       ||    27
       Sticks to Snakes  |     2 |     2 ||     4
       Spider Form       |     1 |    26 ||    27
  Use: Scroll            |       |     2 ||     2
       Potion            |       |     1 ||     1
  Eat: Chunk             |     5 |    11 ||    16
Armor: Robe              |    30 |     6 ||    36
       Skin              |       |     5 ||     5
Dodge: Dodged            |    92 |   135 ||   227

Table legend:
 A = Spawn XP
 B = Non-spawn XP
 C = Spawn XP percentage of total XP
 D = Spawn monster count
 E = Non-spawn monster count
 F = Spawn count percentage of total count
 G = Total turns spent on level
                    A         B        C        D         E        F      G
               +---------+---------+-------+---------+---------+-------+---------
         Total |      51 |     547 |   8.5 |      15 |      72 |  17.2 |  4358
               +---------+---------+-------+---------+---------+-------+---------
           D:1 |      16 |      46 |  25.8 |       8 |      28 |  22.2 |  1912
           D:2 |      28 |     145 |  16.2 |       4 |      28 |  12.5 |  1403
           D:3 |       7 |     356 |   1.9 |       3 |      16 |  15.8 |  1043
               +---------+---------+-------+---------+---------+-------+---------
